 Dungeon Crawl Stone Soup version 0.19-a0-450-g98b348d (webtiles) character file.

632 Skanax the Grave Robber (level 7, 0/46 HPs)
             Began as a Demonspawn Necromancer on June 1, 2016.
             Killed from afar by ololoev's ghost (8 damage)
             ... with a flame tongue
             ... on level 5 of the Dungeon.
             The game lasted 00:28:20 (4622 turns).

Skanax the Grave Robber (Demonspawn Necromancer)    Turns: 4622, Time: 00:28:21

Health: 0/46       AC:  8    Str:  8    XL:     7   Next: 24%
Magic:  12/14      EV: 13    Int: 21    God:
Gold:   190        SH:  3    Dex: 14    Spells: 4 memorised, 6 levels left

rFire  . . .     SeeInvis .     g - +2 hunting sling
rCold  . . .     Gourm    .     a - +1 robe
rNeg   . . .     Faith    .     (no shield)
rPois  .         Spirit   .     p - +0 helmet
rElec  .         Dismiss  .     (no cloak)
rCorr  .         Reflect  .     q - +0 pair of gloves
SustAt .         Harm     .     (no boots)
MR     .....                    (no amulet)
Stlth  ++........               (no ring)
                                t - +3 ring of intelligence

@: regenerating (expiring), not resistant to hostile enchantments, unstealthy
A: large bone plates 2
a: no special abilities


You were on level 5 of the Dungeon.
You were not hungry.

You visited 1 branch of the dungeon, and saw 5 of its levels.

You collected 190 gold pieces.

Inventory:

Hand Weapons
 g - a +2 hunting sling (weapon)
Missiles
 d - 161 stones
 e - 46 bolts
 j - a sling bullet (quivered)
 k - a throwing net
 v - 13 arrows
Armour
 a - a +1 robe (worn)
 p - a +0 helmet (worn)
 q - a +0 pair of gloves (worn)
Jewellery
 t - a +3 ring of intelligence (left hand)
Scrolls
 i - a scroll of fear
 s - a scroll of magic mapping
Potions
 l - 2 potions of berserk rage
 n - a potion of curing {unknown}
 o - a potion of heal wounds {unknown}
 r - a potion of brilliance {unknown}
 w - a potion of resistance {unknown}
 z - a potion of flight {unknown}
Books
 b - a book of Necromancy

   Spells                             Type                      Level
   a - Pain                           Necromancy                   1
   b - Animate Skeleton               Necromancy                   1
   c - Vampiric Draining              Necromancy                   3
   d - Regeneration                   Charms/Necromancy            3
   e - Animate Dead                   Necromancy                   4
   f - Control Undead                 Necromancy                   4
Comestibles
 c - 2 bread rations
 f - a meat ration
 h - a slice of pizza
 m - a beef jerky
 x - 4 fruits


   Skills:
 + Level 0.2 Fighting
 + Level 2.0(2.1) Slings
 + Level 0.3(1.3) Throwing
 + Level 2.6 Dodging
 + Level 2.1 Stealth
 + Level 4.9 Spellcasting
 + Level 6.8 Necromancy


You had 6 spell levels left.
You knew the following spells:

 Your Spells              Type           Power        Failure   Level  Hunger
a - Pain                  Necr           ####         1%          1    None
b - Animate Skeleton      Necr           N/A          1%          1    None
c - Regeneration          Chrm/Necr      ###.......   10%         3    ##.....
d - Animate Dead          Necr           N/A          8%          4    ####...


Dungeon Overview and Level Annotations

Branches:
Dungeon (5/15)
 Temple: D:4-7

Altars:
Cheibriados

Annotations:
D:5 ololoev's ghost, amateur DEFE


Innate Abilities, Weirdness & Mutations

You are mostly covered in large bone plates. (AC +3, SH +3)


Message History

Casting: Animate Dead
Confirm with . or Enter, or press ? or * to list all spells.
Your skin crawls.
Ololoev's ghost hits you but does no damage.
Ololoev's ghost misses you. Ololoev's ghost hits you.
Ololoev's ghost casts a spell at you. The flame tongue hits you!
Found 3 large rocks.
Your skin is crawling a little less now.
You block ololoev's ghost's attack.
You see here a sling bullet.
j - a sling bullet Ololoev's ghost keens inconsolably.
Ololoev's ghost gestures at you while chanting.
The flame tongue hits you!
* * * LOW HITPOINT WARNING * * *
Ololoev's ghost gestures at you while chanting.
The flame tongue hits you!
You die...

## .## . .(###..
##... .(.....
....###....#
##.......
....##.....#
##@......?
...........#
##....##...
...........###.W..##
...........##....##
............(....#
...........)(...##$..
........#............
####....#...........#
##.............### ..


You could see ololoev's ghost.

Vanquished Creatures
  2 ogres (D:4)
  2 scorpions (D:4)
  An orc wizard (D:4)
  A hound (D:4)
  A worker ant (D:4)
  7 gnolls
  A howler monkey skeleton (D:4)
  9 adders
  An ooze (D:2)
  11 dart slugs
  6 giant geckos
  6 orcs
  3 bats
  4 giant cockroaches
  4 goblins
  2 hobgoblins
  4 jackals (D:1)
  A kobold (D:3)
  A quokka (D:2)
  A giant gecko skeleton (D:4)
  3 giant newts
  7 rats
78 creatures vanquished.

Vanquished Creatures (collateral kills)
  A hound (D:4)
  A gnoll (D:3)
  An adder (D:4)
  A jackal (D:1)
  2 giant newts (D:1)
  A kobold (D:1)
7 creatures vanquished.

Grand Total: 85 creatures vanquished

Notes
Turn   | Place    | Note
--------------------------------------------------------------
     0 | D:1      | Skanax the Demonspawn Necromancer began the quest for the Orb.
     0 | D:1      | Reached XP level 1. HP: 13/13 MP: 3/3
     2 | D:1      | Learned a level 1 spell: Animate Skeleton
   210 | D:1      | Gained mutation: You are partially covered in large bone plates. (AC +2, SH +2) [demonic ancestry]
   210 | D:1      | Reached XP level 2. HP: 18/19 MP: 3/5
  1162 | D:2      | Reached skill level 5 in Necromancy
  1223 | D:2      | Reached XP level 3. HP: 24/24 MP: 4/6
  1818 | D:2      | Gained mutation: You are mostly covered in large bone plates. (AC +3, SH +3) [demonic ancestry]
  1818 | D:2      | Reached XP level 4. HP: 28/30 MP: 4/8
  1823 | D:2      | Learned a level 3 spell: Regeneration
  3105 | D:4      | Reached XP level 5. HP: 33/35 MP: 5/10
  3136 | D:4      | Reached skill level 1 in Slings
  3192 | D:4      | Noticed an ogre
  3200 | D:4      | Killed an ogre
  3200 | D:4      | Reached XP level 6. HP: 30/41 MP: 0/12
  3236 | D:4      | Reached skill level 6 in Necromancy
  3527 | D:4      | Found a snail-covered altar of Cheibriados.
  3580 | D:4      | Learned a level 4 spell: Animate Dead
  3737 | D:4      | Reached XP level 7. HP: 45/46 MP: 11/13
  3870 | D:4      | HP: 2/46 [orc wizard/puff of flame (4)]
  4515 | D:5      | Entered Level 5 of the Dungeon
  4595 | D:5      | Noticed ololoev's ghost (amateur DEFE)
  4622 | D:5      | Killed from afar by ololoev's ghost

Vault maps used:
D:1:      sevenhm_arrival_forest_fort_small_6, minmay_misc_feat_cross,
          bh_walls_and_bars
D:2:      first_bread
D:4:      kennysheep_slugbush, lemuel_coloured_pillars_altar
D:5:      nicolae_dithmenos_through_a_glass_darkly, minmay_misc_feat_rows

Skill      XL: |  1  2  3  4  5  6  7 |
---------------+----------------------+-----
Necromancy     | 5 6 |  6.8
Dodging        | 2 |  2.6
Spellcasting   | 3 4 |  4.9
Slings         | 1 2 |  2.0
Stealth        | 2 |  2.1
Fighting       | |  0.2
Throwing       | |  0.3

Action                   |  1- 3 |  4- 6 |  7- 9 || total
-------------------------+-------+-------+-------++-------
Melee: Unarmed           |     9 |       |       ||     9
       Hunting sling     |       |       |     3 ||     3
 Fire: Hunting sling     |     8 |    44 |    26 ||    78
Throw: Stone             |    20 |       |       ||    20
 Cast: Pain              |    50 |    69 |    25 ||   144
       Animate Skeleton  |    13 |     9 |     1 ||    23
       Animate Dead      |       |     1 |     4 ||     5
       Regeneration      |       |       |     2 ||     2
  Use: Scroll            |     8 |     4 |     1 ||    13
  Eat: Chunk             |     3 |     2 |       ||     5
       Bread ration      |       |     1 |     1 ||     2
Armor: Robe              |    12 |    11 |    10 ||    33
Dodge: Dodged            |    34 |    24 |    11 ||    69
Block: Other             |     2 |     5 |     5 ||    12
